 Dungeon Crawl Stone Soup version 0.19-a0-1065-gdac414d (webtiles) character file.

6754 poirepourri the Thaumaturge (level 11, 0/68 HPs)
             Began as a Formicid Earth Elementalist on Aug 3, 2016.
             Was a Priest of Vehumet.
             Shot with an arrow by a centaur (12 damage)
             ... on level 10 of the Dungeon.
             The game lasted 00:27:54 (16583 turns).

poirepourri the Thaumaturge (FoEE)                 Turns: 16583, Time: 00:27:55

Health: 0/68       AC:  4    Str: 13    XL:     11   Next: 24%
Magic:  28/28      EV:  7    Int: 18    God:    Vehumet [***...]
Gold:   475        SH:  0    Dex: 14    Spells: 8 memorised, 17 levels left

rFire  . . .     SeeInvis +     b - 145 stones
rCold  + . .     Gourm    .     c - +0 robe
rNeg   . . .     Faith    .     (no shield)
rPois  .         Spirit   .     (helmet unavailable)
rElec  .         Dismiss  +     j - +0 cloak
rCorr  .         Reflect  .     (no gloves)
SustAt .         Harm     .     g - +0 pair of boots
MR     +....                    l - amulet of dismissal
Stlth  ++........               o - ring of protection from cold
                                v - +3 ring of dexterity

@: lethally poisoned (0 -> -10), drained
A: permanent stasis, dig shafts and tunnels, four strong arms, antennae 3
a: Dig, Shaft Self, Renounce Religion


You were on level 10 of the Dungeon.
You worshipped Vehumet.
Vehumet was most pleased with you.
You were not hungry.

You visited 2 branches of the dungeon, and saw 11 of its levels.
You also visited: Bailey.

You collected 475 gold pieces.

Inventory:

Hand Weapons
 h - a +1 short sword
Missiles
 b - 145 stones (in hand)
Armour
 c - a +0 robe (worn)
 g - a +0 pair of boots (worn)
 j - a +0 cloak (worn)
Jewellery
 l - an amulet of dismissal (around neck)
 o - a ring of protection from cold (right hand)
 p - an uncursed ring of magical power {unknown}
 v - a +3 ring of dexterity (left hand)
Wands
 a - a wand of random effects (31/48)
 n - a wand of teleportation (4/9)
 w - a wand of iceblast (5/15)
 y - a wand of flame (14/48)
 B - a wand of acid (8/15)
 C - a wand of lightning (11/15)
Scrolls
 m - a scroll of magic mapping
 x - 4 scrolls of remove curse
 z - a scroll of fear
 G - a scroll of brand weapon {unknown}
Potions
 i - 2 potions of lignification
 q - 2 potions of flight
 s - a potion of curing
 t - a potion of haste
 u - a potion of agility
 A - a potion of invisibility {unknown}
 D - 2 potions of heal wounds {unknown}
 E - a potion of beneficial mutation {unknown}
 F - a potion of might {unknown}
Books
 e - a book of Geomancy

   Spells                             Type                      Level
   a - Sandblast                      Earth                        1
   b - Passwall                       Transmutation/Earth          2
   c - Stone Arrow                    Conjuration/Earth            3
   d - Petrify                        Transmutation/Earth          4
   e - Lee's Rapid Deconstruction     Earth                        5
Comestibles
 d - 2 beef jerkies
 f - 3 bread rations
 k - 9 fruits
 r - 6 slices of pizza
 H - a royal jelly


   Skills:
 + Level 0.2(0.0) Short Blades
 + Level 1.7(1.1) Dodging
 - Level 2.4(1.7) Stealth
 + Level 13.0(12.2) Spellcasting
 + Level 3.8(3.2) Conjurations
 + Level 1.1(0.4) Transmutations
 + Level 0.2(0.0) Air Magic
 + Level 10.8(10.0) Earth Magic


You had 17 spell levels left.
You knew the following spells:

 Your Spells              Type           Power        Failure   Level  Hunger
a - Sandblast             Erth           #####.       1%          1    None
b - Passwall              Tmut/Erth      ####......   1%          2    None
c - Stone Arrow           Conj/Erth      ####..       1%          3    None
d - Petrify               Tmut/Erth      ####....     10%         4    ##.....
e - Lee's Rapid Deconstr  Erth           #####.....   1%          5    ####...
f - Magic Dart            Conj           ###.         1%          1    None
g - Shock                 Conj/Air       ###.         1%          1    None
h - Searing Ray           Conj           ###...       1%          2    None


Dungeon Overview and Level Annotations

Branches:
Dungeon (10/15)            Temple (1/1) D:4            Lair (0/6) D:8
    Orc: D:9-12

Altars:
Ashenzari
Cheibriados
Dithmenos
Elyvilon
Fedhas
Gozag
Hepliaklqana
Kikubaaqudgha
Makhleb
Nemelex Xobeh
Okawaru
Pakellas
Qazlal
Ru
Sif Muna
Trog
Uskayaw
Vehumet
Xom
Yredelemnul
Zin
The Shining One


Innate Abilities, Weirdness & Mutations

You are under a permanent stasis effect.
You can dig through walls and to a lower floor.
Your four strong arms can wield two-handed weapons with a shield.
You have a pair of large antennae on your head. (SInv)


Message History

The killer bee closely misses you.
The killer bee stings you but does no damage.
You see here an arrow.
The centaur shoots an arrow.
The arrow barely misses you.
The arrow closely misses the killer bee.
The arrow completely misses the ogre.
The killer bee stings you but does no damage.
The killer bee closely misses you.
You feel sick.
The centaur shoots an arrow.
The arrow hits you! The arrow freezes you. The killer bee stings you.
* * * LOW HITPOINT WARNING * * *
You are more poisoned.
The killer bee poisons you! The killer bee stings you.
* * * LOW HITPOINT WARNING * * *
There is a stone staircase leading up, spattered with blood here.
You see here an arrow.
You feel sick. The killer bee barely misses you. The killer bee stings you.
* * * LOW HITPOINT WARNING * * *
The centaur shoots an arrow.
The arrow hits you!
You die...

#..............
#..............
#.......^......
#..............
############(.........####
.................######
..........O(.....# {
..........y......#{
#........@y......#
#........[....####{{
#.#####..c....# {
#.......# #.......#
#......... #..###.....
#..# ..... ... .....


You could see an ogre, a centaur and 2 killer bees.

Vanquished Creatures
  2 hill giants
  A spiny frog (D:8)
  A troll (D:9)
  A two-headed ogre (D:7)
  Sigmund (D:5)
  3 yaks (D:10)
  A human (D:9)
  A wyvern (D:8)
  2 hippogriffs
  Edmund (D:4)
  Duvessa (D:7)
  An ice beast (D:5)
  2 ogres
  An eye of draining (D:8)
  2 sky beasts
  4 orc warriors
  A phantom (D:4)
  2 centaurs
  The ghost of Xiguana the Conjurer, an amateur TeCj (D:3)
  9 giant frogs
  A wyvern zombie (D:8)
  Dowan (D:7)
  6 wights
  4 howler monkeys
  3 crimson imps
  3 jellies
  4 orc priests
  3 orc wizards
  4 giant frog skeletons
  5 hounds
  Crazy Yiuf (D:2)
  2 centaur skeletons (D:5)
  5 iguanas
  7 worker ants
  Terence (D:1)
  4 sheep (D:9)
  2 worker ant zombies (D:6)
  2 howler monkey skeletons
  7 gnolls
  4 river rats (D:8)
  6 adders
  2 shadow imps
  3 oozes
  A worm (D:2)
  4 dart slugs
  5 giant geckos
  28 orcs
  A giant cockroach (D:8)
  7 goblins
  7 hobgoblins
  20 jackals
  2 quokkas
  2 ball pythons
  19 bats
  6 giant newts
  A jackal zombie (D:5)
  10 kobolds
  2 quokka skeletons
  21 rats
254 creatures vanquished.

Vanquished Creatures (others)
  15 fungi (D:8)
  2 plants (D:8)
17 creatures vanquished.

Grand Total: 271 creatures vanquished

Notes
Turn   | Place    | Note
-------+----------+-------------------------------------------
     0 | D:1      | poirepourri the Formicid Earth Elementalist began the quest for the Orb.
     0 | D:1      | Reached XP level 1. HP: 13/13 MP: 3/3
   598 | D:1      | You fall through a shaft!
   721 | D:2      | Reached XP level 2. HP: 19/19 MP: 1/5
   789 | D:2      | Learned a level 2 spell: Passwall
  1233 | D:2      | Reached XP level 3. HP: 24/24 MP: 2/7
  1566 | D:2      | Reached skill level 3 in Spellcasting
  1694 | D:2      | Noticed Terence
  1951 | D:2      | Learned a level 3 spell: Stone Arrow
  2006 | D:1      | Killed Terence
  2006 | D:1      | Reached XP level 4. HP: 3/30 MP: 0/9
  2419 | D:2      | Found a runed door.
  2874 | D:2      | Learned a level 4 spell: Petrify
  3426 | D:1      | Reached skill level 5 in Earth Magic
  3675 | D:1      | Reached XP level 5. HP: 34/35 MP: 7/10
  3768 | D:2      | Noticed Crazy Yiuf
  3775 | D:2      | Killed Crazy Yiuf
  3775 | D:2      | Reached skill level 4 in Spellcasting
  4063 | D:3      | Noticed Xiguana's ghost (amateur TeCj)
  4065 | D:3      | Killed Xiguana's ghost
  4065 | D:3      | Reached XP level 6. HP: 34/41 MP: 8/13
  4234 | D:3      | Found an iron altar of Okawaru.
  4406 | D:3      | Found an opulent altar of Gozag.
  4437 | D:3      | Found a blossoming altar of Fedhas.
  4709 | D:3      | Reached skill level 5 in Spellcasting
  5359 | D:4      | Noticed Edmund
  5373 | D:4      | Killed Edmund
  5373 | D:4      | Reached XP level 7. HP: 17/46 MP: 1/15
  5569 | D:3      | Learned a level 5 spell: Lee's Rapid Deconstruction
  5581 | D:4      | Reached skill level 6 in Spellcasting
  5940 | D:4      | Found a staircase to the Ecumenical Temple.
  6790 | D:4      | Reached skill level 7 in Spellcasting
  6843 | D:4      | Reached XP level 8. HP: 52/52 MP: 7/18
  7239 | D:5      | Entered Level 5 of the Dungeon
  7244 | D:5      | Reached skill level 1 in Conjurations
  7275 | Temple   | Entered the Ecumenical Temple
  7382 | Temple   | Became a worshipper of Vehumet
  7510 | D:5      | Found a hide-covered altar of Uskayaw.
  8110 | D:5      | Noticed Sigmund
  8113 | D:5      | Killed Sigmund
  8315 | D:5      | Reached skill level 8 in Spellcasting
  8870 | D:5      | Reached XP level 9. HP: 43/57 MP: 6/21
  9388 | D:6      | Found a glowing golden altar of the Shining One.
  9510 | D:6      | Found a shattered altar of Ashenzari.
  9522 | D:6      | Reached * piety under Vehumet
  9522 | D:6      | Offered knowledge of Magic Dart by Vehumet.
  9525 | D:6      | Learned a level 1 spell: Magic Dart
  9576 | D:6      | Reached skill level 9 in Spellcasting
 10371 | D:7      | Noticed a two-headed ogre
 10568 | D:7      | Killed a two-headed ogre
 10568 | D:7      | Reached skill level 10 in Spellcasting
 11250 | D:7      | Offered knowledge of Shock by Vehumet.
 11263 | D:7      | Learned a level 1 spell: Shock
 11523 | D:7      | Noticed Dowan
 11533 | D:7      | Noticed Duvessa
 11535 | D:7      | Killed Dowan
 11544 | D:7      | Killed Duvessa
 11900 | D:7      | Reached ** piety under Vehumet
 12128 | D:8      | Reached XP level 10. HP: 63/63 MP: 18/24
 12290 | D:8      | Found a flagged portal.
 12351 | D:8      | Reached skill level 11 in Spellcasting
 12648 | Bailey   | Entered a bailey
 12661 | Bailey   | Noticed a deep elf mage
 13184 | D:8      | Noticed a spiny frog
 13198 | D:8      | Killed a spiny frog
 13468 | D:8      | Offered knowledge of Searing Ray by Vehumet.
 13565 | D:8      | Learned a level 2 spell: Searing Ray
 14059 | D:8      | Found a staircase to the Lair.
 14400 | D:8      | Reached *** piety under Vehumet
 14666 | D:9      | Reached skill level 12 in Spellcasting
 14832 | D:9      | Found a white marble altar of Elyvilon.
 15178 | D:9      | Noticed a hill giant
 15191 | D:9      | Killed a hill giant
 15191 | D:9      | Reached skill level 10 in Earth Magic
 15540 | D:10     | Entered Level 10 of the Dungeon
 15584 | D:9      | Reached XP level 11. HP: 68/68 MP: 22/27
 15615 | D:10     | Noticed a hill giant
 15618 | D:10     | Killed a hill giant
 16077 | D:9      | Reached skill level 13 in Spellcasting
 16583 | D:10     | Shot with an arrow by a centaur

Vault maps used:
D:1:      minmay_arrival_checkered_box
D:2:      minmay_heptomino_d4, uniq_terence, uniq_crazy_yiuf_cottage
D:3:      okawaru_ov_weapons_minmay,
          nicolae_gozag_cash_rules_everything_around_me, fedhas_altar_3
D:4:      first_bread, minmay_distorted, uniq_edmund
D:5:      basic_altar, uniq_sigmund
D:6:      ashenzari_conservatory_becter, nicolae_tso_swordbearing_angel
D:7:      uniq_duvessa
D:8:      grunt_lair_entry_orc_guard_hut, enter_bailey_2
D:9:      elyvilon_altar_1, grunt_livestock
Temple:   regret_index_temple_mists
Bailey:   bailey_polearm_3, bailey

Skill      XL: |  1  2  3  4  5  6  7  8  9 10 11 |
---------------+----------------------------------+-----
Earth Magic    | 4 5 6 7 8 10 | 10.8
Spellcasting   | 3 4 5 7 8 10 12 13 | 13.0
Conjurations   | 2 3 |  3.8
Short Blades   | |  0.2
Dodging        | |  1.7
Stealth        | |  2.4
Transmutations | |  1.1
Air Magic      | |  0.2

Action                   |  1- 3 |  4- 6 |  7- 9 | 10-12 || total
-------------------------+-------+-------+-------+-------++-------
Melee: Short sword       |    13 |     1 |       |       ||    14
 Cast: Sandblast         |    61 |    90 |    64 |    72 ||   287
       Stone Arrow       |       |     7 |   102 |    58 ||   167
       Magic Dart        |       |       |    30 |     5 ||    35
       Lee's Rapid Decon |       |       |     4 |    29 ||    33
       Shock             |       |       |       |     6 ||     6
       Passwall          |       |       |       |     1 ||     1
 Abil: Dig               |       |       |       |     1 ||     1
  Use: Scroll            |     3 |     5 |     9 |     1 ||    18
       Potion            |     1 |       |     3 |       ||     4
  Eat: Royal jelly       |     1 |       |       |     1 ||     2
       Bread ration      |     1 |     2 |     1 |     3 ||     7
       Fruit             |       |       |     4 |       ||     4
       Meat ration       |       |       |     3 |     1 ||     4
       Beef jerky        |       |       |     1 |       ||     1
       Pizza             |       |       |       |     2 ||     2
Armor: Robe              |    12 |     6 |     8 |     9 ||    35
Dodge: Dodged            |    26 |    37 |    31 |    29 ||   123
